 Dungeon Crawl Stone Soup version 0.26.1-2-gb8aa6d0cf2 (webtiles) character file.

Game seed: 15887693860170276879

588 Craboon the Skirmisher (level 7, -5/72 HPs)
             Began as an Ogre Enchanter on Mar 11, 2021.
             Was a Follower of Sif Muna.
             Slain by an ice beast (8 damage)
             ... on level 4 of the Dungeon on Mar 12, 2021.
             The game lasted 00:30:09 (7245 turns).

Craboon the Skirmisher (Ogre Enchanter)             Turns: 7245, Time: 00:30:09

Health: -5/72      AC:  3    Str: 13    XL:     7   Next: 38%
Magic:  13/13      EV: 10    Int: 17    God:    Sif Muna [*.....]
Gold:   152        SH:  0    Dex: 10    Spells: 5/14 levels left

rFire    . . .     SeeInvis .   q - +1 quarterstaff (spect)
rCold    . . .     Faith    .   (shield currently unavailable)
rNeg     . . .     Spirit   .   u - +0 robe
rPois    .         Reflect  .   (helmet restricted)
rElec    .         Harm     .   (no cloak)
rCorr    +         Rampage  .   (gloves unavailable)
Will     .....                  (boots unavailable)
Stlth    ++........             (no amulet)
HPRegen  0.22/turn              h - ring of resist corrosion
MPRegen  0.13/turn              (no ring)

@: about to teleport, flying (expiring)
A: large, unfitting armour, tough skin 1
a: Renounce Religion, Channel Magic


You were on level 4 of the Dungeon.
You worshipped Sif Muna.
Sif Muna was aware of your devotion.
You visited 1 branch of the dungeon, and saw 5 of its levels.

You collected 152 gold pieces.

Inventory:

Hand Weapons
 a - a +1 dagger
 f - a +0 club
 q - a +1 spectral quarterstaff (weapon)
 x - a +0 giant spiked club
Missiles
 b - 21 arrows
 i - 7 curare-tipped darts
 l - 74 stones
 s - a throwing net
Armour
 u - a +0 robe (worn)
Jewellery
 h - a ring of resist corrosion (left hand)
Scrolls
 c - 5 scrolls of identify
 j - 2 scrolls of magic mapping {unknown}
 k - a scroll of amnesia {unknown}
 n - 2 scrolls of teleportation
 o - a scroll of noise {unknown}
 r - a scroll of blinking {unknown}
 v - a scroll of immolation {unknown}
Potions
 d - 5 potions of haste
 e - a potion of magic
 g - a potion of invisibility {unknown}
 m - a potion of heal wounds {unknown}
 p - a potion of flight
 t - 2 potions of lignification {unknown}
 w - a potion of resistance {unknown}


   Skills:
 + Level 5.1 Fighting
 - Level 0.8 Short Blades
 + Level 3.0 Staves
 - Level 2.0 Dodging
 - Level 2.1 Stealth
 - Level 4.0 Spellcasting
 + Level 4.5 Hexes
 + Level 1.6 Evocations


You had 5 spell levels left.
You knew the following spells:

 Your Spells              Type           Power        Failure   Level
a - Corona                Hex            20%          2%          1
b - Tukima's Dance        Hex            18%          8%          3
c - Ensorcelled Hibernat  Hex/Ice        22%          10%         2
d - Confusing Touch       Hex            18%          8%          3

Your spell library contained the following spells:

 Spells                   Type           Power        Failure   Level
 Dazzling Flash           Conj/Hex       22%          19%         3


Dungeon Overview and Level Annotations

Branches:
Dungeon (5/15)
 Temple: D:4-7

Altars:
Dithmenos
Elyvilon
Gozag
Sif Muna
Xom
Zin

Shops:
D:4 *


Innate Abilities, Weirdness & Mutations

You are too large for most types of armour.
You have tough skin. (AC +1)


Message History

The ice beast barely misses you. The ice beast hits you.
* * * LOW HITPOINT WARNING * * *
The ice beast freezes you.
* * * LOW HITPOINT WARNING * * *
The ice beast hits you but does no damage.
You are starting to lose your buoyancy.
There is a stone staircase leading up here.
The ice beast hits you.
* * * LOW HITPOINT WARNING * * *
The ice beast freezes you!
* * * LOW HITPOINT WARNING * * *
You fly upwards.
There is a stone staircase leading down here.
As you read the scroll labelled WUONONG CUSSE, it crumbles to dust.
You feel strangely unstable.
It was a scroll of teleportation.
The ice beast hits you.
* * * LOW HITPOINT WARNING * * *
The ice beast freezes you!
You die...

#.#....#..#.#...................#
#.#..###..###...................#
...............#................#
###..###..#.#..##.....#.........#
#.#....#..#.#......####.##.#..#..
#.#..###..###.....<..............
.............................####
.###########.<.....###..........#
.# #..#Y@..###.##........ .#
##.###.........#.#.... .# #.#
#........##...#.. .#
#.###........##..##.. .#
#.................... .#
#####........#.......
.################.............[..
................#................
#######...............#........##


You could see an ice beast.

Vanquished Creatures
  2 howler monkeys
  Terence (D:3)
  Natasha (thrice) (D:3)
  A worker ant (D:4)
  4 gnolls
  10 adders
  3 oozes
  An adder zombie (D:4)
  A worm (D:2)
  2 dart slugs
  4 leopard geckos
  2 orcs
  2 giant cockroaches
  6 goblins
  7 hobgoblins
  2 quokkas
  3 ball pythons
  A ball python skeleton (D:5)
  4 bats
  11 frilled lizards
  9 kobolds
  A leopard gecko skeleton (D:5)
  11 rats
91 creatures vanquished.

Vanquished Creatures (collateral kills)
  Sigmund (D:3)
  An ogre (D:4)
2 creatures vanquished.

Vanquished Creatures (others)
  A leopard gecko (D:4)
  A ball python (D:4)
  A quokka (D:4)
3 creatures vanquished.

Grand Total: 96 creatures vanquished

Notes
Turn   | Place    | Note
-------+----------+-------------------------------------------
     0 | D:1      | Craboon the Ogre Enchanter began the quest for the Orb.
     0 | D:1      | Reached XP level 1. HP: 16/16 MP: 3/3
   424 | D:1      | Reached XP level 2. HP: 25/26 MP: 1/5
   440 | D:1      | Reached skill level 1 in Fighting
  1128 | D:1      | Reached XP level 3. HP: 31/33 MP: 7/7
  1780 | D:1      | Reached skill level 2 in Fighting
  2689 | D:2      | Reached skill level 1 in Staves
  2928 | D:2      | Reached XP level 4. HP: 41/42 MP: 8/8
  3006 | D:2      | Found a shimmering altar of Xom.
  3186 | D:2      | Found a shimmering blue altar of Sif Muna.
  3191 | D:2      | Became a worshipper of Sif Muna the Loreminder
  4297 | D:3      | Reached XP level 5. HP: 41/52 MP: 6/9
  4309 | D:3      | Noticed Sigmund
  4311 | D:3      | Reached skill level 3 in Fighting
  4313 | D:3      | HP: 1/53 [Sigmund/magic dart (11)]
  4635 | D:2      | Learned a level 3 spell: Tukima's Dance
  4689 | D:2      | Learned a level 2 spell: Ensorcelled Hibernation
  4693 | D:2      | Learned a level 3 spell: Confusing Touch
  4704 | D:3      | Killed Sigmund
  4705 | D:3      | Reached skill level 4 in Fighting
  4705 | D:3      | Reached XP level 6. HP: 42/62 MP: 8/11
  4847 | D:3      | Noticed Natasha
  5069 | D:3      | Killed Natasha
  5468 | D:3      | Noticed Terence
  5494 | D:3      | Killed Terence
  5642 | D:3      | Noticed Natasha
  5653 | D:3      | Killed Natasha
  5654 | D:3      | Reached skill level 1 in Evocations
  5730 | D:4      | Found Liol's General Store.
  5874 | D:3      | Noticed Natasha
  5884 | D:3      | Killed Natasha
  6046 | D:3      | Found a glowing silver altar of Zin.
  6175 | D:5      | Entered Level 5 of the Dungeon
  6197 | D:3      | Reached XP level 7. HP: 65/71 MP: 8/13
  6630 | D:4      | Found a shadowy altar of Dithmenos.
  6815 | D:4      | Reached * piety under Sif Muna
  6816 | D:4      | Reached skill level 5 in Fighting
  6824 | D:4      | Found a white marble altar of Elyvilon.
  7094 | D:5      | Found an opulent altar of Gozag.
  7245 | D:4      | HP: 3/72 [ice beast (4)]
  7245 | D:4      | Slain by an ice beast

Illustrated notes

Levels and vault maps discovered:
D:1:      dpeg_arrival_rhombi, layout_basic, minmay_hedge_maze
D:2:      layout_loops_ring, lemuel_doored_altar, lemuel_blue_sif_altar,
          serial_park_tiny_pond
D:3:      layout_loops_ring, zin_treasury, st_stairs_9, uniq_sigmund,
          uniq_natasha, uniq_terence, uniq_crazy_yiuf_cottage
D:4:      layout_rooms, elyvilon_altar_4, nicolae_overflow_crystal_walls,
          serial_shops, shop, minmay_misc_feat_nine_boxes
D:5:      layout_basic, grunt_gozag_statues, st_stairs_14

Skill      XL: |  1  2  3  4  5  6  7 |
---------------+----------------------+-----
Fighting       | 1 2 4 5 |  5.1
Hexes          | 3 4 |  4.5
Dodging        | 2 |  2.0
Staves         | 1 2 3 |  3.0
Spellcasting   | 3 4 |  4.0
Evocations     | 1 |  1.6
Short Blades   | |  0.8
Stealth        | |  2.1

Action                   |  1- 3 |  4- 6 |  7- 9 || total
-------------------------+-------+-------+-------++-------
Melee: Dagger            |   179 |    17 |       ||   196
       Quarterstaff      |       |   156 |    50 ||   206
 Cast: Corona            |    16 |    10 |     2 ||    28
       Tukima's Dance    |       |     5 |     1 ||     6
       Ensorcelled Hiber |       |    18 |     3 ||    21
  Use: Scroll            |     1 |     1 |     1 ||     3
       Potion            |       |       |     1 ||     1
 Stab: Sleeping          |     4 |    10 |     1 ||    15
Armor: Robe              |    70 |    49 |    12 ||   131
Dodge: Dodged            |   105 |   114 |    33 ||   252
